 Dungeon Crawl Stone Soup version 0.20.1-1-g8b1a95d (webtiles) character file.

122 letownia2 the Grave Robber (level 4, -1/36 HPs)
             Began as a Deep Dwarf Necromancer on Nov 28, 2017.
             Killed from afar by an orc wizard (5 damage)
             ... with a magic dart
             ... on level 4 of the Dungeon.
             The game lasted 00:03:55 (1090 turns).

letownia2 the Grave Robber (Deep Dwarf Necromancer) Turns: 1090, Time: 00:03:55

Health: -1/36      AC:  5    Str: 11    XL:     4   Next: 78%
Magic:  1/8        EV: 11    Int: 17    God:
Gold:   44         SH:  0    Dex: 18    Spells: 5/9 levels left

rFire    . . .     SeeInvis .   a - +1 short sword (venom)
rCold    . . .     Gourm    .   (no shield)
rNeg     . . .     Faith    .   f - +0 ring mail
rPois    .         Spirit   .   (no helmet)
rElec    .         Reflect  .   (no cloak)
rCorr    .         Harm     .   (no gloves)
MR       .....                  (no boots)
Stlth    ++........             (no amulet)
Regen    0.0/turn               i - +5 ring of dexterity
MPRegen  0.2/turn               (no ring)

@: very slightly contaminated, non-regenerating
A: damage resistance, heal wounds, sense surroundings 1, no regeneration
a: Heal Wounds


You were on level 4 of the Dungeon.
You were not hungry.

You visited 1 branch of the dungeon, and saw 4 of its levels.

You collected 44 gold pieces.

Inventory:

Hand Weapons
 a - a +1 short sword of venom (weapon)
 b - a +2 dagger of speed
Armour
 f - a +0 ring mail (worn)
 h - a +0 buckler
 q - a +0 robe
Jewellery
 i - a +5 ring of dexterity (left hand)
Wands
 j - a wand of acid (10/15)
Scrolls
 k - a scroll of identify
 l - a scroll of amnesia {unknown}
 m - a scroll of enchant weapon {unknown}
 n - a scroll of recharging {unknown}
Potions
 d - a potion of curing {unknown}
 e - 3 potions of might {unknown}
 g - a potion of lignification {unknown}
 o - a potion of heal wounds {unknown}
 p - a potion of haste {unknown}
Books
 r - a book of Necromancy

   Spells                             Type                      Level
   a - Pain                           Necromancy                   1
   b - Animate Skeleton               Necromancy                   1
   c - Vampiric Draining              Necromancy                   3
   d - Regeneration                   Charms/Necromancy            3
   e - Animate Dead                   Necromancy                   4
   f - Control Undead                 Necromancy                   4
Comestibles
 c - a bread ration
 s - a chunk of flesh


   Skills:
 - Level 2.1 Dodging
 - Level 2.4 Stealth
 + Level 3.2 Spellcasting
 + Level 5.7 Necromancy


You had 5 spell levels left.
You knew the following spells:

 Your Spells              Type           Power        Failure   Level  Hunger
a - Pain                  Necr           ###.         4%          1    None
v - Vampiric Draining     Necr           ###.......   12%         3    ###....


Dungeon Overview and Level Annotations

Branches:
Dungeon (4/15)
 Temple: D:4-7

Altars:
Ashenzari
Cheibriados
Fedhas

Annotations:
D:4 exclusion: phantom


Innate Abilities, Weirdness & Mutations

You are resistant to damage.
You can heal yourself by infusing magical energy.
You passively map a small area around you.
You do not regenerate.


Message History

Casting: Pain
Confirm with . or Enter, or press ? or * to list all spells.
Aiming: Pain
Press: ? - help, Shift-Dir - straight line, f/p - orc wizard
Aim: an orc wizard, wielding a dagger and wearing a robe (severely wounded, chance to defeat MR: 81%)
The orc wizard writhes in agony!
The orc wizard gestures wildly while chanting.
The orc wizard seems to speed up.
Unknown command.
Unknown command.
You miss the orc wizard.
The orc wizard is almost dead.
The orc wizard hits you with a dagger. x2
* * * LOW HITPOINT WARNING * * *
Unknown command.
You hit the orc wizard.
The orc wizard is poisoned.
The orc wizard is almost dead.
The orc wizard points at you and mumbles some strange words.
The magic dart hits you!
You die...

#8...8 #..<..#.# #.#.# ##8##
#.....#.# #.#.# ########.....#.#
#.#.###
.............#.#########.#...#
.....#.................#.###.#
.≈≈..≈...................# #.#
..≈≈≈≈.##############.##.###.###
#≈._.≈.#########>..##..........#
#≈≈≈≈≈o.......##@#.##..#########
.≈≈.≈)######.###o..............#
.....+...........#.##..####.####
$....###.....###.#.##..# #.#
.....##.......##.#.##..# #.#
.....##..........#.##..# #.#
#######.####.#####.##..# #.# #.#
#.# #.##..# #.# ####'####.#
#.##..# #.#


You could see an orc wizard.

Vanquished Creatures
  An orc priest (D:4)
  An orc wizard (D:4)
  An iguana (D:4)
  A worker ant (D:4)
  A leopard gecko (D:4)
  3 orcs (D:4)
  2 goblins (D:2)
  2 kobolds
  A quokka (D:4)
  A frilled lizard (D:4)
14 creatures vanquished.

Notes
Turn   | Place    | Note
-------+----------+-------------------------------------------
     0 | D:1      | letownia2 the Deep Dwarf Necromancer began the quest for the Orb.
     0 | D:1      | Reached XP level 1. HP: 15/15 MP: 3/3
   357 | D:4      | Noticed a phantom
   457 | D:4      | Noticed a worker ant
   556 | D:4      | Found a shattered altar of Ashenzari.
   558 | D:4      | Reached XP level 2. HP: 22/22 MP: 1/5
   615 | D:4      | Reached skill level 5 in Necromancy
   615 | D:4      | Reached XP level 3. HP: 11/28 MP: 1/6
   644 | D:4      | Reached XP level 4. HP: 14/36 MP: 1/8
   742 | D:4      | Learned a level 3 spell: Vampiric Draining
   931 | D:4      | Found a blossoming altar of Fedhas.
  1009 | D:4      | Found a snail-covered altar of Cheibriados.
  1090 | D:4      | Killed from afar by an orc wizard

Skill      XL: |  1  2  3  4 |
---------------+-------------+-----
Spellcasting   | 2 3 |  3.2
Necromancy     | 5 |  5.7
Dodging        | |  2.1
Stealth        | |  2.4

Action                   |  1- 3 |  4- 6 || total
-------------------------+-------+-------++-------
Melee: Short sword       |       |     8 ||     8
 Cast: Pain              |    18 |     6 ||    24
       Vampiric Draining |       |     3 ||     3
Evoke: Wand              |     1 |       ||     1
  Use: Scroll            |     1 |       ||     1
  Eat: Chunk             |       |     1 ||     1
Armor: Ring mail         |     4 |     2 ||     6
Dodge: Dodged            |     1 |     5 ||     6
